 Dungeon Crawl Stone Soup version 0.30.0-2-g1aa4bd4387 (webtiles) character file.

Game seed: 12557185193495277718

6626 Glokmah the Grappler (level 11, 0/57 (58) HPs)
             Began as a Vine Stalker Monk on May 7, 2023.
             Was an Initiate of Hepliaklqana.
             Slain by a fire elemental (9 damage)
             ... created by the fiery vengeance of Ignis
             ... on level 8 of the Dungeon.
             The game lasted 00:24:39 (6823 turns).

Glokmah the Grappler (Vine Stalker Monk)            Turns: 6823, Time: 00:24:40

HP:   0/57 (58)     AC: 14    Str: 19    XL:     11   Next: 2%
MP:   0/21          EV: 12    Int: 13    God:    Hepliaklqana [......]
Gold: 485           SH:  0    Dex: 16    Spells: 13/22 levels left

rFire   . .          .
                       - Unarmed
rCold   . . .        c - orb {light}
rNeg    . . .        A - +2 acid dragon scales
rPois   .            p - +1 helmet {Int+3}
rElec   .            E - +1 cloak
rCorr   +            h - +1 pair of gloves
SInv    .            (no boots)
Will    ++...        (no amulet)
Stlth   +            r - ring of willpower
HPRegen 1.09/turn    (no ring)
MPRegen 0.17/turn

%: guardian spirit
@: about to teleport, glowing, studying Ranged Weapons, lightly drained, fire
susceptible
A: fangs 3, regeneration 1, magic shield, antimagic bite, no potion heal 2
a: Renounce Religion


You were on level 8 of the Dungeon.
You worshipped Hepliaklqana.
Hepliaklqana was noncommittal.
You visited 2 branches of the dungeon, and saw 9 of its levels.
You also visited: Ossuary.

You collected 485 gold pieces.

Inventory:

Missiles
 q - 14 poisoned darts
 w - 6 boomerangs
 y - 5 curare-tipped darts
Armour
 c - an orb of light (worn)
 h - a +1 pair of gloves (worn)
 m - a +2 ring mail of cold resistance
 p - a +1 helmet of intelligence (worn)
 A - +2 acid dragon scales (worn)
 E - a +1 cloak (worn)
Jewellery
 r - a ring of willpower (left hand)
Wands
 t - a wand of paralysis (10)
 D - a wand of flame (12) (quivered)
Scrolls
 e - a scroll of teleportation
 f - a scroll of enchant weapon
 k - a scroll of poison
 s - a scroll of enchant armour
 x - a scroll of summoning {unknown}
 z - 2 scrolls of fog
 C - a scroll of brand weapon {unknown}
Potions
 a - a potion of brilliance {unknown}
 b - a potion of ambrosia
 d - 5 potions of lignification
 g - 6 potions of attraction
 i - 2 potions of mutation {unknown}
 j - a potion of invisibility {unknown}
 l - 2 potions of berserk rage {unknown}
 n - 4 potions of flight {unknown}
 o - 2 potions of degeneration
 u - 2 potions of heal wounds {unknown}
 v - 9 potions of curing
 B - a potion of magic {unknown}


   Skills:
 + Level 7.4 Fighting
 - Level 2.4 Dodging
 * Level 11.0 Unarmed Combat
 - Level 6.0 Spellcasting
 - Level 8.0 Poison Magic


You had 13 spell levels left.
You knew the following spells:

 Your Spells              Type           Power      Damage    Failure   Level
a - Poisonous Vapours     Pois/Air       28%        N/A       6%          2
b - Olgreb's Toxic Radia  Pois           24%        N/A       9%          4
c - Ignite Poison         Fire/Tmut/Pois 10%        N/A       22%         3

Your spell library contained the following spells:

 Spells                   Type           Power      Damage    Failure   Level
 Stone Arrow              Conj/Erth      6%         3d7       54%         3
 Animate Armour           Summ/Erth      6%         N/A       91%         4
 Cause Fear               Hex            1%         N/A       91%         4
 Metabolic Englaciation   Hex/Ice        1%         N/A       99%         5
 Summon Forest            Summ/Tloc      1%         N/A       99%         5
 Eringya's Noxious Bog    Tmut/Pois      7%         N/A       100%        6
 Dragon Form              Tmut           1%         N/A       100%        7
 Summon Hydra             Summ           1%         N/A       100%        7
 Lehudib's Crystal Spear  Conj/Erth      1%         10d2      100%        8
 Dragon's Call            Summ           1%         N/A       100%        9


Dungeon Overview and Level Annotations

Branches:
Dungeon (8/15)             Temple (1/1) D:6         Ossuary (visited)
   Lair: D:8-11

Altars:
Ashenzari
Cheibriados
Dithmenos
Elyvilon
Gozag
Hepliaklqana
Kikubaaqudgha
Makhleb
Nemelex Xobeh
Okawaru
Qazlal
Ru
Trog
Vehumet
Wu Jian
Xom
Zin
The Shining One
Ignis


Innate Abilities, Weirdness & Mutations

You have razor-sharp teeth.
Your natural rate of healing is unusually fast.
When hurt, damage is shared between your health and your magic reserves.
Your bite disrupts and absorbs the magic of your enemies.
Potions cannot restore your health.


Message History

The wight is almost destroyed.
The wight barely misses you.
You hit the wight.
You destroy the wight!
Things that are here:
a +3 spear; a +0 robe
Items here: ))) [[[.
Things that are here:
a +3 spear; a +0 robe
Found a shimmering altar of Xom.
Found 13 gold pieces and a runed cloak.
Found a stone staircase leading up.
There is a stone staircase leading up here.
You open the door.
There is an open door here.
You see here a +1 cloak.
E - a +1 cloak "My hands, my teeth, my burning tears: these will never betray me!"
Keep equipping yourself?
You start putting on your armour.
You continue putting on your +1 cloak. x2
The fire elemental barely misses you.
You continue putting on your +1 cloak.
The fire elemental hits you. The fire elemental burns you!
The fire elemental hits you. The fire elemental burns you!
The fire elemental closely misses you.
You continue putting on your +1 cloak.
The fire elemental hits you. The fire elemental burns you!
The fire elemental hits you. The fire elemental burns you!
The fire elemental closely misses you.
You finish putting on your +1 cloak.
As you read the scroll of teleportation, it crumbles to dust.
You feel strangely unstable. The fire elemental hits you.
The fire elemental burns you! The fire elemental hits you.
The fire elemental burns you! The fire elemental hits you.
The fire elemental burns you!
* * * LOW HITPOINT WARNING * * *
The fire elemental hits you. The fire elemental burns you!
* * * LOW HITPOINT WARNING * * *
The fire elemental hits you. The fire elemental burns you!
You die...

...........###.###...............
.............#.###...........#...
.##....#####.#.#............##...
.<.....#####................##...
.............#######........##.#.
.............#....$#.........# #.
.............#.....#.........# #.
.......#.....#.E_..#.........#.#.
.............#○E@..#.............
........[....#..E..#.<...........
.............###'###.............
.................................
................#................
................#................
................###..............
................###..............
.....................#.#.#.......


You could see 3 fire elementals.

Vanquished Creatures
  A two-headed ogre (D:7)
  The ghost of EnegeticOcto the Digger, a novice MeEE of Cheibriados (D:6)
  Maggie (D:7)
  2 wyverns
  Eustachio (D:4)
  3 fire elementals (D:8)
  7 yaks
  A steam dragon (D:8)
  A vampire mosquito (D:6)
  Menkaure (D:6)
  An acid dragon (D:6)
  2 water moccasins
  An orc warrior (D:7)
  An ice beast (D:6)
  4 black bears
  3 ogres
  2 centaurs
  A phantom (D:7)
  2 kobold brigands
  2 bullfrogs
  6 scorpions
  5 wights (D:8)
  4 howler monkeys
  3 jellies
  A centaur zombie (Ossuary)
  A gnoll bouda (D:5)
  4 orc priests
  3 hounds
  2 sleepcaps (D:6)
  Jessica (D:2)
  7 iguanas
  6 orc wizards
  2 mummies (Ossuary)
  7 gnolls
  14 adders
  5 shadow imps (D:6)
  2 white imps
  5 ufetubi
  An adder zombie (Ossuary)
  A worm (D:2)
  2 dart slugs
  29 orcs
  10 ball pythons
  4 endoplasms
  6 giant cockroaches
  7 goblins
  10 hobgoblins
  5 jackals
  11 kobolds
  A quokka (D:2)
  4 bats
  2 frilled lizards
  4 goblin zombies (Ossuary)
  5 hobgoblin zombies (Ossuary)
  A jackal zombie (Ossuary)
  17 kobold zombies (Ossuary)
  7 orc zombies (Ossuary)
  7 rats
  A rat zombie (Ossuary)
251 creatures vanquished.

Vanquished Creatures (others)
  77 foxfires
77 creatures vanquished.

Grand Total: 328 creatures vanquished

Notes
Turn   | Place    | Note
-------+----------+-------------------------------------------
     0 | D:1      | Glokmah the Vine Stalker Monk began the quest for the Orb.
     0 | D:1      | Reached XP level 1. HP: 11/11 MP: 2/2
     6 | D:1      | You fall into a shaft and drop 1 floor!
   110 | D:2      | Reached XP level 2. HP: 16/16 MP: 3/3
   184 | D:1      | Found a faded altar of an unknown god.
   188 | D:1      | Prayed at the altar of an unknown god.
   188 | D:1      | Became a worshipper of Ignis, the Dying Flame
   188 | D:1      | Reached ****** piety under Ignis
   498 | D:1      | Reached XP level 3. HP: 20/20 MP: 4/4
  1263 | D:2      | Reached skill level 4 in Unarmed Combat
  1332 | D:2      | Found a shimmering altar of Xom.
  1353 | D:2      | Noticed Jessica
  1357 | D:2      | Killed Jessica
  1358 | D:2      | Gained mutation: Your natural rate of healing is unusually
                  | fast. [Vine Stalker growth]
  1358 | D:2      | Reached XP level 4. HP: 24/24 MP: 5/5
  1890 | D:3      | Reached XP level 5. HP: 28/28 MP: 6/6
  1898 | D:3      | Reached skill level 5 in Unarmed Combat
  1945 | D:3      | Found a shadowy altar of Dithmenos.
  2136 | D:3      | Got the Handbook of Beguiling Intoxication
  2176 | D:3      | Reached XP level 6. HP: 33/33 MP: 5/7
  2248 | D:3      | Learned a level 2 spell: Poisonous Vapours
  2468 | D:4      | Reached skill level 1 in Spellcasting
  2468 | D:4      | Reached skill level 1 in Poison Magic
  2488 | D:4      | Noticed a black bear
  2495 | D:4      | Killed a black bear
  2496 | D:4      | Reached skill level 6 in Unarmed Combat
  2496 | D:4      | Reached XP level 7. HP: 38/38 MP: 8/10
  2664 | D:4      | Noticed Eustachio
  2677 | D:4      | Killed Eustachio
  2907 | D:4      | Found a sacrificial altar of Ru.
  3296 | D:5      | Entered Level 5 of the Dungeon
  3357 | D:5      | Gained mutation: You have razor-sharp teeth. [Vine Stalker
                  | growth]
  3357 | D:5      | Reached XP level 8. HP: 36/42 MP: 12/12
  3361 | D:5      | Reached skill level 7 in Unarmed Combat
  3373 | D:5      | Reached skill level 5 in Fighting
  4078 | D:6      | Found a sand-covered staircase.
  4084 | D:6      | Noticed Menkaure
  4092 | D:6      | Killed Menkaure
  4093 | D:6      | Reached skill level 8 in Unarmed Combat
  4099 | Ossuary  | Entered an ossuary
  4210 | Ossuary  | Reached XP level 9. HP: 47/47 MP: 15/15
  4350 | D:6      | Found a staircase to the Ecumenical Temple.
  4705 | D:6      | Reached skill level 5 in Poison Magic
  4874 | D:6      | Found a sparkling altar of Nemelex Xobeh.
  4885 | D:6      | Reached skill level 9 in Unarmed Combat
  4903 | D:6      | Noticed EnegeticOcto's ghost (novice MeEE)
  4905 | D:6      | Found a runed translucent gate.
  4905 | D:6      | Found a runed translucent gate.
  4905 | D:6      | Found a runed translucent gate.
  4924 | D:6      | Found a stormy altar of Qazlal.
  5415 | D:6      | Killed EnegeticOcto's ghost
  5416 | D:6      | Reached skill level 5 in Spellcasting
  5416 | D:6      | Reached XP level 10. HP: 33/53 MP: 18/18
  5466 | D:7      | Noticed Maggie
  5481 | D:7      | Killed Maggie
  5521 | D:7      | Learned a level 4 spell: Olgreb's Toxic Radiance
  5525 | D:7      | Learned a level 3 spell: Ignite Poison
  5799 | D:7      | Reached skill level 10 in Unarmed Combat
  5850 | D:7      | Noticed a two-headed ogre
  5860 | D:7      | Killed a two-headed ogre
  5958 | Temple   | Entered the Ecumenical Temple
  6181 | Temple   | Fell from the grace of Ignis
  6181 | Temple   | Became a worshipper of Hepliaklqana the Forgotten
  6734 | D:8      | Reached XP level 11. HP: 54/58 MP: 19/21
  6737 | D:8      | Reached skill level 11 in Unarmed Combat
  6788 | D:8      | Found a shimmering altar of Xom.
  6823 | D:8      | Slain by a fire elemental

Illustrated notes

Levels and vault maps discovered:
D:1:      zelgadis_glass_arrival_large, layout_basic,
          hellmonk_ecumenical_altar_heavens_door
D:2:      layout_basic, basic_altar, uniq_jessica
D:3:      layout_rooms, grunt_dithmenos_smoke
D:4:      layout_cave_pods, nicolae_ru_great_annihilating_truth, uniq_eustachio
D:5:      cheibrodos_quashed, layout_basic
D:6:      wander_river, layout_basic, old_standard_altar,
          nicolae_qazlal_eye_of_the_storm, temple_pool_b, enter_ossuary_1,
          gammafunk_ghost_split, nzn_random_ring, uniq_menkaure
D:7:      layout_basic, uniq_maggie
D:8:      layout_basic, amcnicky_altar_gilded, grunt_ministairs_8,
          minmay_manual_mares
Temple:   hellmonk_temple_forest_ring

Skill      XL: |  1  2  3  4  5  6  7  8  9 10 11 |
---------------+----------------------------------+-----
Fighting       | 3 4 5 6 7 |  7.4
Unarmed Combat | 4 5 6 8 9 10 11 | 11.0
Spellcasting   | 1 2 3 5 6 |  6.0
Poison Magic   | 1 2 3 6 8 |  8.0
Dodging        | |  2.4

Action                     |  1- 3 |  4- 6 |  7- 9 | 10-12 || total
---------------------------+-------+-------+-------+-------++-------
  Melee: Unarmed           |    87 |    86 |   287 |   147 ||   607
         Bite              |    26 |    36 |   108 |    63 ||   233
  Throw: Dart              |       |     2 |       |     1 ||     3
 Invoke: Foxfire Swarm     |     1 |     1 |     2 |     1 ||     5
         Fiery Armour      |       |     2 |     5 |       ||     7
  Evoke: Wand              |       |       |       |     3 ||     3
    Use: Scroll            |       |       |    12 |     1 ||    13
   Stab: Invisible         |       |       |     1 |       ||     1
         Paralysed         |       |       |     1 |       ||     1
 Armour: Robe              |    22 |       |       |       ||    22
         Scale mail        |       |     7 |       |       ||     7
         Chain mail        |       |    32 |    92 |       ||   124
         Ring mail         |       |       |    33 |    10 ||    43
         Acid dragon scale |       |       |       |    55 ||    55
  Dodge: Dodged            |    66 |    37 |   110 |    88 ||   301
